 Dungeon Crawl Stone Soup version 0.27.1-37-g7b29ead8ac (console) character file.

Game seed: 7924763139097365358

106 grimtooth the Sneak (level 4, 0/37 HPs)
             Began as a Demigod Delver on Jan 16, 2024.
             Slain by a mummy (11 damage)
             ... in an ossuary.
             The game lasted 00:12:48 (3235 turns).

grimtooth the Sneak (Demigod Delver)                Turns: 3235, Time: 00:12:48

Health: 0/37       AC:  4    Str: 17    XL:     4   Next: 30%
Magic:  6/6        EV: 12    Int: 12    God:
Gold:   77         SH:  0    Dex: 15    Spells: 3/3 levels left

rFire    . . .     SeeInvis .   a - +0 hand axe
rCold    . . .     Faith    .   (no shield)
rNeg     . . .     Spirit   .   b - +0 leather armour
rPois    .         Reflect  .   (no helmet)
rElec    .         Harm     .   (no cloak)
rCorr    .         Rampage  .   (no gloves)
Will     .....                  o - +0 pair of boots
Stlth    +++.......             (no amulet)
HPRegen  0.12/turn              (no ring)
MPRegen  0.10/turn              (no ring)

@: no status effects
A: high mp 1, forlorn
a: no special abilities


You were in an ossuary.
You visited 1 branch of the dungeon, and saw 6 of its levels.
You also visited: Ossuary.

You collected 77 gold pieces.

Inventory:

Hand Weapons
 a - a +0 hand axe (weapon)
 l - a +0 whip of venom
Missiles
 h - 4 javelins
 n - 20 stones (quivered)
Armour
 b - a +0 leather armour (worn)
 o - a +0 pair of boots (worn)
Wands
 e - a wand of iceblast (8)
 g - a wand of digging (3)
Scrolls
 c - 2 scrolls of fog
 d - a scroll of magic mapping
Potions
 f - a potion of haste
 i - a potion of brilliance {unknown}
 j - a potion of invisibility {unknown}
 k - a potion of might {unknown}
 m - 3 potions of curing
 p - a potion of lignification
 q - a potion of resistance {unknown}
 r - a potion of heal wounds


   Skills:
 - Level 2.6 Fighting
 * Level 3.7 Axes
 - Level 1.7 Dodging
 + Level 5.2 Stealth


You had 3 spell levels left.
You didn't know any spells.
Your spell library contained the following spells:

 Spells                   Type           Power      Damage    Failure   Level
 Animate Skeleton         Necr           0%         N/A       38%         1
 Apportation              Tloc           0%         N/A       38%         1
 Corona                   Hex            0%         N/A       38%         1
 Summon Small Mammal      Summ           0%         N/A       38%         1
 Sublimation of Blood     Necr           0%         N/A       52%         2
 Wereblood                Tmut           0%         N/A       52%         2
 Call Canine Familiar     Summ           0%         N/A       77%         3
 Summon Guardian Golem    Hex/Summ       0%         N/A       77%         3
 Summon Hydra             Summ           0%         N/A       100%        7


Dungeon Overview and Level Annotations

Branches:
Dungeon (6/15)            Ossuary (1/1)
 Temple: D:4-7

Shops:
D:4 :

Annotations:
D:2 Sigmund
D:5 2 transporters
D:6 exclusions: ogre and orc priest


Innate Abilities, Weirdness & Mutations

Your attributes grow dramatically as you level up.
You have an increased reservoir of magic. (+10% MP)
You shall have no god before yourself.


Message History

Press: ? - help, Q - select action, (/) - cycle Shift-Dir - straight line, f/p - mummy
Aim: a mummy (74% to hit)
You throw a stone. The stone hits the mummy.
The mummy is lightly damaged.
Throw: 24 stones
Press: ? - help, Q - select action, (/) - cycle Shift-Dir - straight line, f/p - mummy
Aim: a mummy (lightly damaged, 74% to hit)
You throw a stone.
The stone hits the mummy but does no damage.
The mummy is lightly damaged.
Throw: 23 stones
Press: ? - help, Q - select action, (/) - cycle Shift-Dir - straight line, f/p - mummy
Aim: a mummy (lightly damaged, 74% to hit)
You throw a stone. The stone hits the mummy.
The mummy is lightly damaged.
Throw: 22 stones
Press: ? - help, Q - select action, (/) - cycle Shift-Dir - straight line, f/p - mummy
Aim: a mummy (lightly damaged, 74% to hit)
You throw a stone.
The stone hits the mummy but does no damage.
The mummy is lightly damaged.
Throw: 21 stones
Press: ? - help, Q - select action, (/) - cycle Shift-Dir - straight line, f/p - mummy
Aim: a mummy (lightly damaged, 74% to hit)
You throw a stone.
The stone hits the mummy but does no damage.
The mummy is lightly damaged.
You hit the mummy.
The mummy is moderately damaged.
The mummy hits you!
You hit the mummy but do no damage.
The mummy is moderately damaged.
You hit the mummy but do no damage.
The mummy is moderately damaged.
The mummy hits you!
* * * LOW HITPOINT WARNING * * *
You hit the mummy but do no damage.
The mummy is moderately damaged.
The mummy hits you!
You die...

#....(...
#...(..
#..((#
#(((.#
#.((.#
#....#
#..(.#
#....#
#..(.#
#..M.#
#.∩@.#
######


You could see a mummy.

Vanquished Creatures
  3 mummies
  An adder (D:2)
  3 endoplasms
  A gnoll zombie (Ossuary)
  5 goblins
  A hobgoblin (D:2)
  11 jackals
  6 ball pythons
  7 bats
  5 frilled lizards
  3 hobgoblin zombies (Ossuary)
  2 kobolds
  4 orc zombies (Ossuary)
  5 rats
57 creatures vanquished.

Vanquished Creatures (others)
  30 plants
30 creatures vanquished.

Grand Total: 87 creatures vanquished

Notes
Turn   | Place    | Note
-------+----------+-------------------------------------------
     0 | D:5      | grimtooth the Demigod Delver began the quest for the Orb.
     0 | D:5      | Reached XP level 1. HP: 18/18 MP: 3/3
     0 | D:5      | - ok this start seems challenging
    38 | D:5      | Noticed an orc priest
    42 | D:5      | Found a transporter.
    42 | D:5      | Found a transporter.
    69 | D:4      | Found Wonorene's Book Shop.
  1140 | D:1      | Reached XP level 2. HP: 23/25 MP: 4/4
  1747 | D:2      | Reached XP level 3. HP: 27/30 MP: 5/5
  1924 | D:2      | Reached skill level 5 in Stealth
  2127 | D:2      | Noticed Sigmund
  2568 | D:3      | You fall into a shaft and drop 3 floors!
  2568 | D:6      | Noticed an orc warrior
  2580 | D:6      | Noticed an ogre
  2699 | D:6      | Found a sand-covered staircase.
  2823 | Ossuary  | Entered an ossuary
  2926 | Ossuary  | Reached XP level 4. HP: 26/37 MP: 6/6
  3235 | Ossuary  | Slain by a mummy

Illustrated notes

.#.. ....
...##..#
...#..###
..#..#.
.....
#... #..#
#@# #..#
#.## ..
... ....
.....
......


Turn 0 on D:5: - ok this start seems challenging

Levels and vault maps discovered:
D:1:      evilmike_arrival_home_sweet_home, layout_basic, serial_curves,
          eino_curves_02, eino_curves_04, eino_curves_03, chequers_big_river,
          minmay_pentomino_z2
D:2:      layout_rooms, serial_bayou, serial_bayou_crossing,
          serial_bayou_pond_c, serial_bayou_lagoon_a, serial_bayou_shore_a,
          st_stairs_3, minmay_quadrilaterals, uniq_natasha, uniq_sigmund
D:3:      layout_basic, dilly_ecumenical_altar_fadedgnrine
D:4:      layout_rooms, serial_shops, shop
D:5:      gammafunk_wand_slinger, layout_basic, lemuel_crystal_altar,
          mainiacjoe_overflow_boulevard, jmf_multi_god_temple
D:6:      cheibrodos_helix_gallery, layout_basic, gup_ossuary_entry_pyramid,
          roderic_lattice_a
Ossuary:  ossuary_tomb_3

Skill      XL: |  1  2  3 |
---------------+----------+-----
Axes           | 2 3 |  3.7
Stealth        | 5 |  5.2
Fighting       | |  2.6
Dodging        | |  1.7

Action                   |  1- 3 |  4- 6 || total
-------------------------+-------+-------++-------
Melee: Hand axe          |    76 |    24 ||   100
       Whip              |    98 |       ||    98
Throw: Stone             |    20 |    35 ||    55
  Use: Scroll            |     6 |       ||     6
 Stab: Sleeping          |    12 |       ||    12
       Distracted        |     1 |       ||     1
Armor: Leather armour    |    65 |     1 ||    66
Dodge: Dodged            |   128 |     7 ||   135
